TOP OF THE 1ST |
Greenville Spinners batting - Pitching for Spartanburg Spartans : LHP Chuck Cary
|
Pitching: LHP Chuck Cary
|
|
Batting: RHB Tony Russell
|
0-0: Ball 1-0: Fly out, F9 (Flyball, 9S, EV 71.3 MPH)
|
Batting: RHB Darrell Woodard
|
0-0: Ball 1-0: Ball 2-0: Foul Ball, location: 2F 2-1: Foul Ball, location: 2F 2-2: Ball 3-2: Ground out U3 (Groundball, 3, EV 89.4 MPH)
|
Batting: RHB Bobby Miscik
|
0-0: Ball 1-0: Fly out, F3 (Popup, 3F, EV 67.5 MPH)
|
Top of the 1st over - 0 runs, 0 hits, 0 errors, 0 left on base; Greenville 0 - Spartanburg 0 |
BOTTOM OF THE 1ST |
Spartanburg Spartans batting - Pitching for Greenville Spinners : RHP Richard Hille
|
Pitching: RHP Richard Hille
|
|
Batting: SHB Michael Vanderburg
|
0-0: Foul Ball, location: 2F 0-1: Ball 1-1: Swinging Strike 1-2: SINGLE (Groundball, 34D, EV 88.8 MPH) (infield hit)
|
Batting: RHB Van Sowards
|
0-0: Called Strike 0-1: Ball 1-1: SINGLE (Flyball, 9LS, EV 91.9 MPH) Michael Vanderburg to second Runner from 2nd tries for 3rd, SAFE, throw by RF made to third
|
Batting: RHB Gib Seibert
|
0-0: Called Strike 0-1: Ball 1-1: Swinging Strike 1-2: SINGLE (Line Drive, 56D, EV 94.4 MPH) Michael Vanderburg scores Van Sowards to second
|
Batting: LHB John Hennell
|
0-0: Called Strike 0-1: Ball 1-1: Ball 2-1: Grounds into double play, U3-6 (Groundball, 3L, EV 97.5 MPH) Van Sowards to third
|
Batting: LHB Ross Kingsley
|
0-0: Called Strike 0-1: Swinging Strike 0-2: Ball 1-2: Ball 2-2: Foul Ball, location: 2F 2-2: Foul Ball, location: 2F 2-2: Fly out, F7 (Flyball, 7D, EV 104.4 MPH)
|
Bottom of the 1st over - 1 run, 3 hits, 0 errors, 1 left on base; Greenville 0 - Spartanburg 1 |
TOP OF THE 2ND |
Greenville Spinners batting - Pitching for Spartanburg Spartans : LHP Chuck Cary
|
Batting: LHB William Hance
|
0-0: Ball 1-0: Ball 2-0: Swinging Strike 2-1: Called Strike 2-2: Strikes out swinging
|
Batting: RHB Glenn Robertson
|
0-0: Fly out, F8 (Flyball, 8RXD, EV 97.5 MPH)
|
Batting: LHB John Edmonds
|
0-0: Swinging Strike 0-1: Foul Ball, location: 2F 0-2: Ball 1-2: Ball 2-2: Strikes out swinging
|
Top of the 2nd over - 0 runs, 0 hits, 0 errors, 0 left on base; Greenville 0 - Spartanburg 1 |
BOTTOM OF THE 2ND |
Spartanburg Spartans batting - Pitching for Greenville Spinners : RHP Richard Hille
|
Batting: LHB Albert Ortiz
|
0-0: Ball 1-0: Called Strike 1-1: SINGLE (Groundball, 34S, EV 86.3 MPH) (infield hit)
|
Batting: RHB Ron Dillard
|
0-0: Called Strike 0-1: Fielders Choice at 2nd, 5-4 (Groundball, 56, EV 106.3 MPH)
|
Batting: RHB Rigo Rodriguez
|
0-0: Ball 1-0: Called Strike 1-1: Ball 2-1: Swinging Strike 2-2: Reached on error, E4 (Groundball, 4M, EV 101.9 MPH) Ron Dillard to second
|
Batting: RHB Robin Dreizler
|
0-0: Ball 1-0: Ball 2-0: Called Strike 2-1: Ball 3-1: Base on Balls Ron Dillard to third Rigo Rodriguez to second
|
Batting: SHB Michael Vanderburg
|
0-0: Foul Ball, location: 2F 0-1: Swinging Strike 0-2: Ball 1-2: Ball 2-2: Ball 3-2: Grounds into double play, 4-6-3 (Groundball, 4, EV 108.8 MPH)
|
Bottom of the 2nd over - 0 runs, 1 hit, 1 error, 2 left on base; Greenville 0 - Spartanburg 1 |
TOP OF THE 3RD |
Greenville Spinners batting - Pitching for Spartanburg Spartans : LHP Chuck Cary
|
Batting: LHB Tim Jordan
|
0-0: Called Strike 0-1: Called Strike 0-2: Ball 1-2: Ball 2-2: Strikes out looking
|
Batting: RHB Michael McEvilly
|
0-0: Called Strike 0-1: Ball 1-1: Swinging Strike 1-2: Ball 2-2: Strikes out swinging
|
Batting: RHB Luis Salazar
|
0-0: Ball 1-0: Ball 2-0: Swinging Strike 2-1: Fly out, F1 (Popup, 15, EV 88.1 MPH)
|
Top of the 3rd over - 0 runs, 0 hits, 0 errors, 0 left on base; Greenville 0 - Spartanburg 1 |
BOTTOM OF THE 3RD |
Spartanburg Spartans batting - Pitching for Greenville Spinners : RHP Richard Hille
|
Batting: RHB Van Sowards
|
0-0: Called Strike 0-1: Foul Ball, location: 2F 0-2: Fly out, F7 (Flyball, 7S, EV 91.9 MPH)
|
Batting: RHB Gib Seibert
|
0-0: Ball 1-0: Called Strike 1-1: Foul Ball, location: 2F 1-2: Fly out, F9 (Flyball, 9, EV 89.4 MPH)
|
Batting: LHB John Hennell
|
0-0: Called Strike 0-1: Ball 1-1: Foul Ball, location: 2F 1-2: Reached on error, E2 (Groundball, 2L, EV 71.3 MPH)
|
Batting: LHB Ross Kingsley
|
0-0: Fly out, F9 (Flyball, 9D, EV 104.4 MPH)
|
Bottom of the 3rd over - 0 runs, 0 hits, 1 error, 1 left on base; Greenville 0 - Spartanburg 1 |
TOP OF THE 4TH |
Greenville Spinners batting - Pitching for Spartanburg Spartans : LHP Chuck Cary
|
Batting: RHB Tony Russell
|
0-0: Ball 1-0: Foul Ball, location: 2F 1-1: Ball 2-1: Foul Ball, location: 2F 2-2: Foul Ball, location: 2F 2-2: Ball 3-2: Ground out 5-3 (Groundball, 56S, EV 73.8 MPH)
|
Batting: RHB Darrell Woodard
|
0-0: Ground out U3 (Groundball, 34, EV 78.8 MPH)
|
Batting: RHB Bobby Miscik
|
0-0: Called Strike 0-1: Ball 1-1: Called Strike 1-2: Ball 2-2: Ball 3-2: Foul Ball, location: 2F 3-2: Fly out, F9 (Line Drive, 9D, EV 104.4 MPH)
|
Top of the 4th over - 0 runs, 0 hits, 0 errors, 0 left on base; Greenville 0 - Spartanburg 1 |
BOTTOM OF THE 4TH |
Spartanburg Spartans batting - Pitching for Greenville Spinners : RHP Richard Hille
|
Batting: LHB Albert Ortiz
|
0-0: Ball 1-0: Called Strike 1-1: Reached on error, E3 (Groundball, 3L, EV 105.0 MPH)
|
Batting: RHB Ron Dillard
|
0-0: Ball 1-0: Ball 2-0: Bunt missed! 2-1: Ball 3-1: Sac Bunt to 2L - play at first, batter OUT! 2-4 Albert Ortiz to second
|
Batting: RHB Rigo Rodriguez
|
0-0: Called Strike 0-1: Ground out U3 (Groundball, 3, EV 84.4 MPH) Albert Ortiz to third
|
Batting: RHB Robin Dreizler
|
0-0: Ground out U3 (Groundball, 3L, EV 111.3 MPH)
|
Bottom of the 4th over - 0 runs, 0 hits, 1 error, 1 left on base; Greenville 0 - Spartanburg 1 |
TOP OF THE 5TH |
Greenville Spinners batting - Pitching for Spartanburg Spartans : LHP Chuck Cary
|
Batting: LHB William Hance
|
0-0: Called Strike 0-1: Ball 1-1: DOUBLE (Line Drive, 9LS, EV 88.8 MPH)
|
Batting: RHB Glenn Robertson
|
0-0: Called Strike 0-1: Called Strike 0-2: Ball 1-2: Ground out 6-3 (Groundball, 6, EV 86.9 MPH)
|
Batting: LHB John Edmonds
|
0-0: Ball 1-0: Swinging Strike 1-1: Foul Ball, location: 2F 1-2: Ball 2-2: Strikes out swinging
|
Batting: LHB Tim Jordan
|
0-0: Ball 1-0: Ball 2-0: Fly out, F9 (Flyball, 9S, EV 83.1 MPH)
|
Top of the 5th over - 0 runs, 1 hit, 0 errors, 1 left on base; Greenville 0 - Spartanburg 1 |
BOTTOM OF THE 5TH |
Spartanburg Spartans batting - Pitching for Greenville Spinners : RHP Richard Hille
|
Batting: SHB Michael Vanderburg
|
0-0: Ball 1-0: Ball 2-0: Swinging Strike 2-1: Ball 3-1: Base on Balls
|
Batting: RHB Van Sowards
|
0-0: Called Strike 0-1: Ball Michael Vanderburg steals 2nd base (no throw) 1-1: Ball 2-1: Ball 3-1: Called Strike 3-2: SINGLE (Groundball, 56D, EV 93.8 MPH) Michael Vanderburg to third Runner from 3rd tries for Home, SAFE, throw by LF to home Van Sowards to second
|
Batting: RHB Gib Seibert
|
0-0: Foul Ball, location: 2F 0-1: Swinging Strike 0-2: Foul Ball, location: 2F 0-2: Ball 1-2: Ground out 6-3 (Groundball, 6S, EV 69.4 MPH) Van Sowards to third
|
Batting: LHB John Hennell
|
0-0: Ball 1-0: Called Strike 1-1: Swinging Strike 1-2: Strikes out swinging
|
Batting: LHB Ross Kingsley
|
0-0: Swinging Strike 0-1: Ball 1-1: Called Strike 1-2: Ground out 4-3 (Groundball, 34D, EV 86.3 MPH)
|
Bottom of the 5th over - 1 run, 1 hit, 0 errors, 1 left on base; Greenville 0 - Spartanburg 2 |
TOP OF THE 6TH |
Greenville Spinners batting - Pitching for Spartanburg Spartans : LHP Chuck Cary
|
Batting: RHB Michael McEvilly
|
0-0: Ball 1-0: Fly out, F7 (Flyball, 7LS, EV 93.1 MPH)
|
Batting: RHB Luis Salazar
|
0-0: Ball 1-0: Reached on error, E6 (Groundball, 6S, EV 71.3 MPH)
|
Batting: RHB Tony Russell
|
0-0: Called Strike Luis Salazar steals 2nd base 0-1: Ball 1-1: Called Strike 1-2: Ball 2-2: Strikes out swinging
|
Batting: RHB Darrell Woodard
|
0-0: Called Strike 0-1: Ball 1-1: Fly out, F5 (Line Drive, 5, EV 62.5 MPH)
|
Top of the 6th over - 0 runs, 0 hits, 1 error, 1 left on base; Greenville 0 - Spartanburg 2 |
BOTTOM OF THE 6TH |
Spartanburg Spartans batting - Pitching for Greenville Spinners : RHP Richard Hille
|
Batting: LHB Albert Ortiz
|
0-0: Fly out, F8 (Flyball, 78S, EV 90.6 MPH)
|
Batting: RHB Ron Dillard
|
0-0: Called Strike 0-1: Ground out 6-3 (Groundball, 6, EV 81.3 MPH)
|
Batting: RHB Rigo Rodriguez
|
0-0: Fly out, F4 (Flyball, 34D, EV 86.3 MPH)
|
Bottom of the 6th over - 0 runs, 0 hits, 0 errors, 0 left on base; Greenville 0 - Spartanburg 2 |
TOP OF THE 7TH |
Greenville Spinners batting - Pitching for Spartanburg Spartans : LHP Chuck Cary
|
Batting: RHB Bobby Miscik
|
0-0: Ball 1-0: Foul Ball, location: 2F 1-1: Ball 2-1: Ball 3-1: Foul Ball, location: 2F 3-2: Foul Ball, location: 2F 3-2: SINGLE (Flyball, 56D, EV 99.4 MPH)
|
Batting: LHB William Hance
|
0-0: SINGLE (Line Drive, 9S, EV 105.6 MPH) Bobby Miscik to second
|
Batting: RHB Glenn Robertson
|
0-0: Swinging Strike 0-1: Ball 1-1: Ball 2-1: Fly out, F4 (Popup, 4D, EV 68.1 MPH)
|
Pinch Hitting: RHB Byron Peyton
|
0-0: Foul Ball, location: 2F 0-1: SINGLE (Groundball, 4MD, EV 103.1 MPH) Bobby Miscik to third William Hance to second Runner from 3rd tries for Home, SAFE, throw by CF to home
|
Batting: RHB Ronald Carapezzi
|
0-0: Ball 1-0: Ball 2-0: Ball 3-0: Called Strike 3-1: Foul Ball, location: 2F 3-2: SINGLE (Groundball, 56D, EV 96.3 MPH) William Hance to third Byron Peyton to second Runner from 3rd tries for Home, SAFE, throw by LF to home
|
Batting: RHB Michael McEvilly
|
0-0: Called Strike 0-1: Ball 1-1: Ball 2-1: SINGLE (Groundball, 4M, EV 108.1 MPH) (infield hit) Byron Peyton to third Ronald Carapezzi to second
|
Batting: RHB Luis Salazar
|
0-0: Called Strike 0-1: Foul Ball, location: 2F 0-2: Strikes out swinging
|
Batting: RHB Tony Russell
|
0-0: Called Strike 0-1: Ground out 6-3 (Groundball, 6MS, EV 83.8 MPH)
|
Top of the 7th over - 2 runs, 5 hits, 0 errors, 3 left on base; Greenville 2 - Spartanburg 2 |
BOTTOM OF THE 7TH |
Spartanburg Spartans batting - Pitching for Greenville Spinners : RHP Richard Hille
|
Now in RF: David Miller
|
|
Batting: RHB Robin Dreizler
|
0-0: Ball 1-0: Called Strike 1-1: Swinging Strike 1-2: Foul Ball, location: 2F 1-2: Foul Ball, location: 2F 1-2: Fly out, F7 (Line Drive, 7D, EV 89.4 MPH)
|
Batting: SHB Michael Vanderburg
|
0-0: Ball 1-0: Swinging Strike 1-1: Ball 2-1: Called Strike 2-2: Ball 3-2: Strikes out swinging
|
Batting: RHB Van Sowards
|
0-0: Fly out, F8 (Flyball, 8RS, EV 78.1 MPH)
|
Bottom of the 7th over - 0 runs, 0 hits, 0 errors, 0 left on base; Greenville 2 - Spartanburg 2 |
TOP OF THE 8TH |
Greenville Spinners batting - Pitching for Spartanburg Spartans : LHP Chuck Cary
|
Batting: RHB Darrell Woodard
|
0-0: Ball 1-0: Fly out, F7 (Flyball, 78S, EV 87.5 MPH)
|
Batting: RHB Bobby Miscik
|
0-0: Ball 1-0: Foul Ball, location: 2F 1-1: Ball 2-1: Foul Ball, location: 2F 2-2: SINGLE (Line Drive, 8RS, EV 98.1 MPH)
|
Batting: LHB William Hance
|
0-0: Ball 1-0: Swinging Strike 1-1: Swinging Strike 1-2: Ball 2-2: Ball 3-2: Grounds into double play, 4-6-3 (Groundball, 34, EV 98.8 MPH)
|
Top of the 8th over - 0 runs, 1 hit, 0 errors, 0 left on base; Greenville 2 - Spartanburg 2 |
BOTTOM OF THE 8TH |
Spartanburg Spartans batting - Pitching for Greenville Spinners : RHP Richard Hille
|
Batting: RHB Gib Seibert
|
0-0: Ground out U3 (Groundball, 34, EV 84.4 MPH)
|
Batting: LHB John Hennell
|
0-0: Ball 1-0: Fly out, F6 (Flyball, 56D, EV 90.0 MPH)
|
Batting: LHB Ross Kingsley
|
0-0: Ball 1-0: Called Strike 1-1: SINGLE (Flyball, 34D, EV 90.6 MPH)
|
Batting: LHB Albert Ortiz
|
0-0: Ball 1-0: Fly out, F8 (Flyball, 78M, EV 87.5 MPH)
|
Bottom of the 8th over - 0 runs, 1 hit, 0 errors, 1 left on base; Greenville 2 - Spartanburg 2 |
TOP OF THE 9TH |
Greenville Spinners batting - Pitching for Spartanburg Spartans : LHP Chuck Cary
|
Batting: RHB Glenn Robertson
|
0-0: Ball 1-0: Swinging Strike 1-1: Ground out 5-3 (Groundball, 56, EV 93.1 MPH)
|
Batting: SHB David Miller
|
0-0: Foul Ball, location: 2F 0-1: Ball 1-1: Fly out, F8 (Flyball, 8RS, EV 90.6 MPH)
|
Batting: RHB Ronald Carapezzi
|
0-0: Swinging Strike 0-1: Fly out, F9 (Flyball, 9LM, EV 91.9 MPH)
|
Top of the 9th over - 0 runs, 0 hits, 0 errors, 0 left on base; Greenville 2 - Spartanburg 2 |
BOTTOM OF THE 9TH |
Spartanburg Spartans batting - Pitching for Greenville Spinners : RHP Richard Hille
|
Batting: RHB Ron Dillard
|
0-0: Ball 1-0: Called Strike 1-1: Called Strike 1-2: Ball 2-2: Ground out 5-3 (Groundball, 5S, EV 90.0 MPH)
|
Batting: RHB Rigo Rodriguez
|
0-0: Ball 1-0: SINGLE (Groundball, 4MD, EV 96.9 MPH)
|
Pinch Hitting: RHB Dan Boever
|
0-0: Called Strike 0-1: Called Strike 0-2: Ball Rigo Rodriguez is caught stealing 2nd base 2-4 1-2: Foul Ball, location: 2F 1-2: Foul Ball, location: 2F 1-2: Ball 2-2: Fly out, F7 (Flyball, 7LS, EV 84.4 MPH)
|
Bottom of the 9th over - 0 runs, 1 hit, 0 errors, 0 left on base; Greenville 2 - Spartanburg 2 |
TOP OF THE 10TH |
Greenville Spinners batting - Pitching for Spartanburg Spartans : LHP Chuck Cary
|
Now at C: Inocencio Guerrero
|
|
Batting: RHB Michael McEvilly
|
0-0: Foul Ball, location: 2F 0-1: Ground out 3-1 (Groundball, 13, EV 88.1 MPH)
|
Pinch Hitting: RHB Richard Duran
|
0-0: Ball 1-0: Foul Ball, location: 2F 1-1: SINGLE (Line Drive, 34D, EV 99.4 MPH)
|
Batting: RHB Tony Russell
|
0-0: Foul Ball, location: 2F 0-1: Ball 1-1: Ball 2-1: Called Strike 2-2: Ball 3-2: Ground out 4-3 (Groundball, 4, EV 105.0 MPH) Richard Duran to second
|
Batting: RHB Darrell Woodard
|
0-0: Called Strike 0-1: Ball 1-1: Ball 2-1: Fly out, F4 (Line Drive, 4, EV 66.9 MPH)
|
Top of the 10th over - 0 runs, 1 hit, 0 errors, 1 left on base; Greenville 2 - Spartanburg 2 |
BOTTOM OF THE 10TH |
Spartanburg Spartans batting - Pitching for Greenville Spinners : RHP Richard Hille
|
Pitching: RHP Scott Farmer
|
|
Now at 1B: Richard Duran
|
|
Batting: SHB Michael Vanderburg
|
0-0: Ball 1-0: Foul Ball, location: 2F 1-1: Ball 2-1: Ground out 6-3 (Groundball, 6, EV 83.8 MPH)
|
Batting: RHB Van Sowards
|
0-0: Foul Ball, location: 2F 0-1: Ball 1-1: Fly out, F8 (Line Drive, 8RM, EV 97.5 MPH)
|
Batting: RHB Gib Seibert
|
0-0: Called Strike 0-1: Called Strike 0-2: Strikes out swinging
|
Bottom of the 10th over - 0 runs, 0 hits, 0 errors, 0 left on base; Greenville 2 - Spartanburg 2 |
TOP OF THE 11TH |
Greenville Spinners batting - Pitching for Spartanburg Spartans : LHP Chuck Cary
|
Batting: RHB Bobby Miscik
|
0-0: Ball 1-0: Ground out 6-3 (Groundball, 6, EV 101.9 MPH)
|
Batting: LHB William Hance
|
0-0: Called Strike 0-1: Ground out 3-1 (Groundball, 34, EV 85.0 MPH)
|
Batting: RHB Glenn Robertson
|
0-0: Ball 1-0: Ground out 2-3 (Groundball, 2L, EV 68.8 MPH)
|
Top of the 11th over - 0 runs, 0 hits, 0 errors, 0 left on base; Greenville 2 - Spartanburg 2 |
BOTTOM OF THE 11TH |
Spartanburg Spartans batting - Pitching for Greenville Spinners : RHP Scott Farmer
|
Batting: LHB John Hennell
|
0-0: Ball 1-0: Foul Ball, location: 2F 1-1: Ball 2-1: Ball 3-1: Base on Balls
|
Batting: LHB Ross Kingsley
|
0-0: Called Strike 0-1: Ball 1-1: Ball 2-1: Ball 3-1: SINGLE (Line Drive, 8LS, EV 98.8 MPH) John Hennell to second
|
Batting: LHB Albert Ortiz
|
0-0: Called Strike 0-1: Ball 1-1: Fielders Choice at 2nd, 4-6 (Groundball, 4D, EV 106.9 MPH) John Hennell to third
|
Batting: RHB Ron Dillard
|
0-0: Ball 1-0: Foul Ball, location: 2F 1-1: Ball 2-1: Ball 3-1: Foul Ball, location: 2F 3-2: Foul Ball, location: 2F 3-2: Foul Ball, location: 2F 3-2: Foul Ball, location: 2F 3-2: Foul Ball, location: 2F 3-2: Base on Balls Albert Ortiz to second
|
Batting: RHB Rigo Rodriguez
|
0-0: Called Strike 0-1: Ball 1-1: Foul Ball, location: 2F 1-2: Ball 2-2: GRAND SLAM HOME RUN (Flyball, 9D, EV 99.4 MPH), Distance : 363 ft
|
Bottom of the 11th over - 4 runs, 2 hits, 0 errors, 0 left on base; Greenville 2 - Spartanburg 6 |
|